 Dungeon Crawl Stone Soup version 0.27-a0-1308-gc08437e49b (webtiles) character file.

Game seed: 11980204449504618065

331 mordus the Slasher (level 6, -4/47 HPs)
             Began as a Formicid Abyssal Knight on June 18, 2021.
             Was a Believer of Lugonu.
             Slain by Eustachio (7 damage)
             ... on level 4 of the Dungeon.
             The game lasted 00:08:07 (4351 turns).

mordus the Slasher (Formicid Abyssal Knight)        Turns: 4351, Time: 00:08:08

Health: -4/47      AC:  7    Str: 18    XL:     6   Next: 82%
Magic:  9/9        EV:  9    Int: 12    God:    Lugonu [**....]
Gold:   168        SH:  0    Dex: 10    Spells: 5/5 levels left

rFire    . . .     SeeInvis +   a - +1 falchion
rCold    . . .     Faith    .   (no shield)
rNeg     . . .     Spirit   .   o - +0 scale mail
rPois    .         Reflect  .   (helmet unavailable)
rElec    .         Harm     .   (no cloak)
rCorr    .         Rampage  .   (no gloves)
Will     .....                  (no boots)
Stlth    ..........             (no amulet)
HPRegen  0.15/turn              (no ring)
MPRegen  0.11/turn              (no ring)

@: no status effects
A: permanent stasis, dig shafts and tunnels, antennae 3, four strong arms
a: Dig, Shaft Self, Renounce Religion, Depart the Abyss, Bend Space


You were on level 4 of the Dungeon.
You worshipped Lugonu.
Lugonu was pleased with you.
You visited 1 branch of the dungeon, and saw 5 of its levels.
You visited the Abyss 1 time.

You collected 168 gold pieces.

Inventory:

Hand Weapons
 a - a +1 falchion (weapon)
Armour
 o - a +0 scale mail (worn)
Scrolls
 c - 2 scrolls of identify {unknown}
 d - a scroll of magic mapping {unknown}
 e - a scroll of summoning {unknown}
 k - 2 scrolls of fog {unknown}
 l - 2 scrolls of fear {unknown}
 m - 2 scrolls of noise {unknown}
 n - a scroll of amnesia {unknown}
 q - a scroll of teleportation {unknown}
Potions
 b - a potion of magic {unknown}
 f - a potion of lignification {unknown}
 g - a potion of heal wounds {unknown}
 h - a potion of curing {unknown}
 i - 2 potions of might {unknown}
 j - a potion of brilliance {unknown}
 p - a potion of flight {unknown}
 r - a potion of ambrosia {unknown}
 s - a potion of mutation {unknown}


   Skills:
 - Level 3.2 Fighting
 * Level 4.9 Long Blades
 + Level 4.0 Armour
 - Level 0.8 Dodging
 + Level 4.3 Invocations


You had 5 spell levels left.
You didn't know any spells.
Your spell library contained the following spells:

 Spells                   Type           Power      Damage    Failure   Level
 Beastly Appendage        Tmut           0%         N/A       69%         1
 Wereblood                Tmut           0%         N/A       83%         2
 Spider Form              Tmut/Pois      0%         N/A       96%         3
 Ice Form                 Ice/Tmut       0%         N/A       100%        4


Dungeon Overview and Level Annotations

Branches:
Dungeon (5/15)
 Temple: D:4-7

Altars:
Dithmenos
Yredelemnul

Shops:
D:4 (

Annotations:
D:4 Eustachio


Innate Abilities, Weirdness & Mutations

You cannot be hasted, slowed, berserked, paralysed or teleported.
You can dig through walls and to a lower floor.
You have a pair of large antennae on your head. (SInv)
Your four strong arms can wield two-handed weapons with a shield.


Message History

The bat hits you but does no damage. The river rat misses you.
You riposte.
You barely miss the river rat. Eustachio hits you but does no damage.
Unknown command.
You slash Eustachio!
Eustachio is severely wounded.
The bat hits you but does no damage. The bat closely misses you. x2
The river rat barely misses you.
You riposte.
You barely miss the river rat.
Eustachio casts a spell.
Unknown command.
You barely miss Eustachio.
Eustachio is severely wounded.
The bat hits you. The bat hits you but does no damage. The river rat bites you.
The bat hits you but does no damage.
Eustachio gestures wildly while chanting.
Eustachio blinks!
Unknown command.
The bat hits you but does no damage. The bat barely misses you.
The river rat bites you but does no damage.
The quokka bites you.
Eustachio brags, "I can call spirits from the vasty deep."
Eustachio gestures wildly while chanting.
Eustachio blinks!
You hit Eustachio but do no damage.
Eustachio is severely wounded.
The bat closely misses you.
You riposte.
You barely miss the bat. The bat closely misses you.
You riposte.
Your scale mail prevents you from hitting the bat.
The quokka bites you but does no damage.
The river rat bites you!
* * * LOW HITPOINT WARNING * * *
Eustachio hits you with a +0 falchion!
* * * LOW HITPOINT WARNING * * *
You miss Eustachio.
Eustachio is severely wounded.
The bat hits you but does no damage. The bat closely misses you.
The quokka bites you.
* * * LOW HITPOINT WARNING * * *
The river rat barely misses you.
You riposte.
You closely miss the river rat. Eustachio hits you with a +0 falchion!
You die...

#....#.............#
#....#.............#
#....#.............#
######.....#########
#.....###### #.....#
#...bb# #.....#
#..r@@+ #..r..#
#######


You could see Eustachio, a river rat (summoned), a quokka (summoned) and 2 bats.

Vanquished Creatures
  A necrophage (D:4)
  A bullfrog zombie (D:5)
  A centaur zombie (D:3)
  An orc priest (D:5)
  Robin (D:4)
  7 adders
  3 worms
  4 orcs
  3 bats
  2 endoplasms (D:2)
  2 giant cockroaches
  13 goblins
  8 hobgoblins
  3 jackals (D:2)
  6 quokkas
  2 ball pythons
  2 frilled lizards (D:1)
  3 kobolds
  7 rats
70 creatures vanquished.

Notes
Turn   | Place    | Note
-------+----------+-------------------------------------------
     0 | Abyss:1  | mordus the Formicid Abyssal Knight began the quest for the
                  | Orb.
     0 | Abyss:1  | Reached XP level 1. HP: 18/18 MP: 2/2
    74 | Abyss:1  | Noticed a wraith
    90 | Abyss:1  | Noticed a tentacled starspawn
    95 | D:1      | Escaped the Abyss
   322 | D:1      | Reached * piety under Lugonu
   323 | D:1      | Reached XP level 2. HP: 24/24 MP: 3/3
  1235 | D:2      | Reached XP level 3. HP: 19/29 MP: 3/5
  1828 | D:2      | Reached XP level 4. HP: 21/35 MP: 6/6
  1981 | D:2      | Found a faded altar of an unknown god.
  2641 | D:3      | Reached XP level 5. HP: 41/41 MP: 7/7
  2769 | D:3      | You fall into a shaft and drop 2 floors!
  2769 | D:5      | Entered Level 5 of the Dungeon
  2786 | D:5      | Reached ** piety under Lugonu
  3107 | D:5      | Reached XP level 6. HP: 12/47 MP: 8/8
  3440 | D:4      | Noticed a necrophage
  3441 | D:4      | Found Nuablir's Weapon Shoppe.
  3451 | D:4      | Killed a necrophage
  3755 | D:3      | Found a shadowy altar of Dithmenos.
  3893 | D:4      | Found a basalt altar of Yredelemnul.
  4072 | D:4      | Noticed Robin
  4090 | D:4      | Killed Robin
  4333 | D:4      | Noticed Eustachio
  4351 | D:4      | Slain by Eustachio

Illustrated notes

Levels and vault maps discovered:
D:1:      dpeg_arrival_tiny_a, layout_basic, hangedman_decor_opposing
D:2:      layout_basic, ebering_ecumenical_altar_box
D:3:      wander_river, layout_rooms, nicolae_dithmenos_through_a_glass_darkly
D:4:      layout_gridville, general_overflow_altar, serial_shops,
          nicolae_stop_n_shop_1, bh_walls_and_bars, uniq_pikel, uniq_robin,
          uniq_eustachio
D:5:      layout_gridville

Skill      XL: |  1  2  3  4  5  6 |
---------------+-------------------+-----
Long Blades    | 3 4 |  4.9
Invocations    | 3 4 |  4.3
Armour         | 3 4 |  4.0
Fighting       | |  3.2
Dodging        | |  0.8

Action                   |  1- 3 |  4- 6 || total
-------------------------+-------+-------++-------
Melee: Falchion          |    91 |   147 ||   238
Invok: Depart the Abyss  |     1 |       ||     1
 Abil: Dig               |       |     1 ||     1
Armor: Leather armour    |    18 |       ||    18
       Ring mail         |    18 |    33 ||    51
       Scale mail        |       |    82 ||    82
Dodge: Dodged            |    61 |   111 ||   172
       Rpst.: Falchion   |    26 |    43 ||    69

Table legend: (Time is in decaauts)
 A = Elapsed time spent in this place.
 B = Non-inter-level travel time spent in this place.
 C = Inter-level travel time spent in this place.
 D = Time resting spent in this place.
 E = Time spent auto-exploring this place.
 F = Levels seen in this place.
 G = Mean time per level.
                   A        B        C        D        E       F      G
               +--------+--------+--------+--------+--------+-----+--------+
         Total |   4395 |   4333 |     62 |   1121 |   2588 |   6 |  732.5 |
       Dungeon |   4299 |   4237 |     62 |   1121 |   2521 |   5 |  859.8 |
         Abyss |     95 |     95 |      0 |      0 |     67 |   1 |   95.0 |
               +--------+--------+--------+--------+--------+-----+--------+

Top non-repeatable levels by time:
     D:2: 1370 daAuts
     D:1: 1110 daAuts
     D:3: 641 daAuts
     D:5: 617 daAuts
     D:4: 558 daAuts
 Abyss:1: 95 daAuts
